 Dungeon Crawl Stone Soup version 0.17-a0-1508-ge7f3dc3 (webtiles) character file.

437 urechis the Covert (level 7, -3/41 HPs)
             Began as a Kobold Berserker on July 10, 2015.
             Was a Priest of Trog.
             Slain by a gnoll
             ... wielding a +4 halberd
              (6 damage)
             ... on level 4 of the Dungeon.
             The game lasted 00:08:07 (3424 turns).

urechis the Covert (Kobold Berserker)               Turns: 3424, Time: 00:08:08

Health: -3/41      AC:  3    Str: 15    XL:     7   Next: 21%
Magic:  7/7        EV: 15    Int:  5    God:    Trog [***...]
Gold:   165        SH:  0    Dex: 18    Spells: 0 memorised, 6 levels left

rFire  . . .     SeeInvis .     a - +0 short sword
rCold  . . .     Clarity  .     e - +0 leather armour
rNeg   . . .     SustAt   +     (shield restricted)
rPois  .         Gourm    .     (no helmet)
rElec  .         Spirit   .     (no cloak)
rCorr  .         Warding  .     (no gloves)
rMut   .         Stasis   .     (no boots)
MR     .....                    (no amulet)
Stlth  +++++.....               b - ring of sustain attributes
                                f - ring of flight

@: exhausted, slowed, very slow, not resistant to hostile enchantments, quite
stealthy
A: carnivore 3
a: Burn Spellbooks, Berserk, Trog's Hand, Renounce Religion, Evoke Flight


You were on level 4 of the Dungeon.
You worshipped Trog.
Trog was most pleased with you.
You were not hungry.

You visited 1 branch of the dungeon, and saw 4 of its levels.

You collected 165 gold pieces.

Inventory:

Hand weapons
 a - a +0 short sword (weapon)
Armour
 e - a +0 leather armour (worn)
Jewellery
 b - a ring of sustain attributes (right hand)
 f - a ring of flight (left hand)
Magical devices
 p - a wand of random effects (31)
Scrolls
 h - a scroll of fear
 j - a scroll of teleportation
 n - 2 scrolls of remove curse
 o - a scroll of identify
 t - a scroll of enchant armour {unknown}
 v - 2 scrolls of fog {unknown}
 w - a scroll of enchant weapon {unknown}
 x - a scroll of blinking {unknown}
Potions
 d - a potion of resistance {unknown}
 g - a potion of agility {unknown}
 i - a potion of invisibility {unknown}
 l - a potion of poison {unknown}
 m - a potion of curing {unknown}
 q - a potion of lignification {unknown}
 r - a potion of mutation {unknown}
 s - a potion of magic {unknown}
 u - a potion of heal wounds {unknown}
Comestibles
 c - a meat ration
 k - a beef jerky


   Skills:
 - Level 3.2 Fighting
 - Level 4.0 Short Blades
 - Level 1.5 Armour
 - Level 2.4 Dodging
 + Level 9.8 Stealth


You had 6 spell levels left.
You didn't know any spells.

Dungeon Overview and Level Annotations

Branches:
Dungeon (4/15)             Temple (0/1) D:4

Altars:

Annotations:
D:4 Sigmund


Innate Abilities, Weirdness & Mutations

You are small and have problems with some larger weapons.
You are carnivorous and can eat meat at any time.


Message History

The jackal skeleton misses you.
The gnoll hits you from afar with an enchanted halberd!
* * * LOW HITPOINT WARNING * * *
The gnoll is no longer moving quickly.
The jackal skeleton completely misses you.
The gnoll barely misses you.
Your skin stops crawling.
You feel less resistant to hostile enchantments.
The jackal skeleton completely misses you.
The gnoll barely misses you.
The jackal skeleton bites you but does no damage.
Something barely misses you. The jackal skeleton misses you.
The gnoll barely misses you. The jackal skeleton barely misses you.
Something hits you!
* * * LOW HITPOINT WARNING * * *
The jackal skeleton barely misses you. The jackal skeleton misses you.
The gnoll hits you from afar with an enchanted halberd.
You die...

... #....#......#
### #....#.)....#
#....#.....##
..##.......# ....
#.......# ....
#..g..### #######...
#..gg.# ......##.#
.##).Z..#
.###..##.##.##..@..#
.#.......##.####.###
.#.#.....##.# #.#
...#......#.# #.#
.###......#.# #.#
............# #.#
.###..####..# #.#
...#..# #..####.###
.#.#..# ##........#


You could see 2 gnolls, a goblin and a jackal skeleton.

Vanquished Creatures
  A gnoll shaman (D:4)
  A centaur skeleton (D:4)
  An orc priest (D:3)
  An orc wizard (D:3)
  4 worker ants (D:4)
  4 gnolls
  8 adders
  5 worms
  4 giant geckos
  3 orcs
  13 bats
  A giant cockroach (D:3)
  11 hobgoblins
  13 kobolds
  2 quokkas
  2 ball pythons
  5 giant newts
  9 goblins
  A quokka skeleton (D:4)
  14 rats
103 creatures vanquished.

Notes
Turn   | Place    | Note
--------------------------------------------------------------
     0 | D:1      | urechis the Kobold Berserker began the quest for the Orb.
     0 | D:1      | Reached XP level 1. HP: 14/14 MP: 1/1
    28 | D:1      | Reached skill level 1 in Stealth
    94 | D:1      | Reached XP level 2. HP: 13/19 MP: 2/2
   545 | D:1      | Acquired Trog's second power
   545 | D:1      | Reached XP level 3. HP: 15/23 MP: 3/3
   933 | D:2      | Reached XP level 4. HP: 28/28 MP: 4/4
  1170 | D:2      | Reached skill level 5 in Stealth
  1716 | D:2      | Reached skill level 6 in Stealth
  1727 | D:2      | Reached XP level 5. HP: 32/32 MP: 5/5
  2092 | D:3      | Reached skill level 7 in Stealth
  2598 | D:3      | Reached XP level 6. HP: 37/37 MP: 6/6
  2603 | D:3      | Reached skill level 8 in Stealth
  2869 | D:4      | Found a staircase to the Ecumenical Temple.
  2910 | D:4      | Reached skill level 9 in Stealth
  3251 | D:4      | Reached XP level 7. HP: 41/41 MP: 7/7
  3398 | D:4      | Noticed Sigmund
  3422 | D:4      | HP: 2/41 [something (10)]
  3424 | D:4      | Slain by a gnoll

Vault maps used:
D:1:      saegor_arrival_simple_f
D:2:      kennysheep_doodads
D:3:      first_bread
D:4:      minmay_temple_entry_fiery, minmay_misc_feat_roman, uniq_sigmund

Action                   |  1- 3 |  4- 6 |  7- 9 || total
-------------------------+-------+-------+-------++-------
Melee: Short sword       |    81 |   216 |    31 ||   328
Invok: Berserk           |     1 |     5 |     1 ||     7
       Trog's Hand       |       |     2 |     1 ||     3
       Burn Spellbooks   |       |       |     1 ||     1
  Use: Scroll            |       |     5 |       ||     5
 Stab: Sleeping          |     6 |    19 |     1 ||    26
  Eat: Chunk             |     8 |    11 |       ||    19
